Unix NetHack Version 3.7.0-50 Work-in-progress - last build Mar 2 2022 05:04:30 (3214c02c36e7653d92696a1813e68efb70587e3e,branch:master). Game began 2022-03-02 23:17:16, ended 2022-03-03 12:29:39. wbn, chaotic male elven Ranger --. -..--<. |.[..).| -..---- -....... ... ---........... ....---............. ...)..)[--. .s... ..h..---- d.@.. ... Wbn the Trailblazer St:16 Dx:8 Co:16 In:14 Wi:14 Ch:7 Chaotic S:3808 Dlvl:8 $:250 HP:0(46) Pw:25(25) AC:7 Xp:7/802 T:2533 Satiated Latest messages: Sirius eats a partly eaten gnome corpse. The dwarf wields a dagger! The dagger welds itself to the dwarf's hand! The dwarf picks up a +0 elven arrow. In what direction? l You shoot 4 elven arrows. The 1st elven arrow hits the dwarf! The 2nd elven arrow hits the dwarf. The 3rd elven arrow hits the dwarf! You kill the dwarf! There are several objects here. d - 4 +0 elven arrows (in quiver). G - a whistle. In what direction? l You shoot 3 elven arrows. The 1st elven arrow hits the gnome! You kill the gnome! In what direction? k You shoot 3 elven arrows. The 1st elven arrow hits the giant spider! The 2nd elven arrow hits the giant spider! The 3rd elven arrow hits the giant spider! The giant spider bites! The giant spider bites! You have no ammunition readied. What do you want to throw? [$acknwxF or ?*] Never mind. The giant spider bites! What do you want to wield? [- a-ckntwxF or ?*] ? a - a +1 elven dagger (weapon in hand). b - a +1 elven bow (alternate weapon; not wielded). The giant spider bites! You miss the giant spider. Sirius picks up a dagger. The giant spider bites! What do you want to throw? [$bcknwxF or ?*] ? Never mind. What do you want to throw? [$bcknwxF or ?*] i In what direction? k The potion of sleeping misses the giant spider. A potion of sleeping shatters! You smell a peculiar odor... You yawn. The giant spider bites! You die... Do you want your possessions identified? [ynq] (y) y Do you want to see your attributes? [ynq] (y) y Do you want an account of creatures vanquished? [ynaq] (y) y Do you want to see your conduct and achievements? [ynq] (y) y Do you want to see the dungeon overview? [ynq] (y) y Major events: Turn 1: wbn the chaotic male elven Ranger entered the dungeon 1582: reached Mine Town 2533: killed by a giant spider Inventory: Coins $ - 250 gold pieces Weapons k - 42 +0 arrows F - a +0 crossbow bolt c - 9 +2 elven arrows x - 8 +2 elven arrows n - a burnt +2 elven arrow b - a +1 elven bow (alternate weapon; not wielded) w - a +0 dagger a - a +1 elven dagger (weapon in hand) Armor e - an uncursed +2 elven cloak (being worn) Comestibles C - an uncursed food ration f - 2 uncursed lembas wafers B - an uncursed partly eaten lembas wafer y - 2 uncursed oranges Scrolls q - 2 blessed scrolls of blank paper r - an uncursed scroll of blank paper j - an uncursed scroll of earth D - an uncursed scroll of enchant weapon g - an uncursed scroll of light h - an uncursed scroll of punishment u - an uncursed scroll of teleportation Potions l - an uncursed potion of water Tools E - a bag of tricks (0:3) t - a +0 pick-axe s - an uncursed tallow candle m - an uncursed tin whistle A - an uncursed tin whistle G - an uncursed tin whistle z - an uncursed wax candle Wbn the Ranger's attributes: Background: You were a Trailblazer, a level 7 male elven Ranger. You were chaotic, nominally on a mission for Mars who was opposed by Mercury (lawful) and Venus (neutral). You were in the Gnomish Mines, on level 8. You entered the dungeon 2533 turns ago. There was a new moon in effect when your adventure ended. You had 802 experience points, 478 more were needed to attain level 8. Your score was 3808 before end-of-game adjustments. Basics: You had 0 out of 46 hit points. You had all 25 energy points (spell power). Your armor class was 7. Your wallet contained 250 zorkmids. Autopickup was off. Final Characteristics: Your strength was 16 (limit:18). Your dexterity was 8 (peak:10, limit:18). Your constitution was 16 (limit:16). Your intelligence was 14 (limit:20). Your wisdom was 14 (limit:20). Your charisma was 7 (limit:18). Final Status: You were satiated. You were unencumbered. You were wielding a dagger. You had basic skill with dagger. Final Attributes: You were piously aligned. You were sleep resistant. You had automatic searching. You had infravision. You were stealthy. You aggravated monsters. You were warded. You are dead. Miscellaneous: You encountered 1 bones level. Total elapsed playing time was 49 minutes and 52 seconds. Vanquished creatures: a human mummy a crocodile a gnome mummy a pony 7 gnome leaders 4 gnomish wizards a kobold mummy a paper golem a kitten 12 dwarves 5 monkeys 2 orc zombies a gas spore 5 hobbits a giant rat a cave spider 2 brown molds a red mold 39 gnomes 3 geckos 2 kobolds 2 goblins 4 grid bugs a lichen 3 kobold zombies 2 newts 104 creatures vanquished. No species were genocided or became extinct. Voluntary challenges: You were an atheist. You were illiterate. You never engraved Elbereth. You never genocided any monsters. You never polymorphed an object. You never changed form. You used no wishes. Achievements: You attained the rank of Lookout. You entered a shop. You entered the Gnomish Mines. You entered Minetown. You attained the rank of Trailblazer. You entered a temple. The Dungeons of Doom: levels 1 to 5 Level 1: A fountain, a sink. Level 2: A fountain. Stairs down to The Gnomish Mines. Level 3: A sink. Level 4: A general store. Final resting place for nurdglaw-Kni-Hum-Mal-Law, killed by a kitten. Level 5: The Gnomish Mines: levels 3 to 8 Level 3: Level 4: Level 5: Some shops, a temple, some fountains. Level 6: Level 7: Level 8: <- You were here. Final resting place for you, killed by a giant spider. Game over: ---------- / \ / REST \ / IN \ / PEACE \ / \ | wbn | | 250 Au | | killed by a | | giant spider | | | | | | 2022 | *| * * * | * _________)/\\_//(\/(/\)/\//\/|_)_______ Goodbye wbn the Ranger... You died in The Gnomish Mines on dungeon level 8 with 3783 points, and 250 pieces of gold, after 2533 moves. You were level 7 with a maximum of 46 hit points when you died.